BSA
NASSAU ROCKETS @ EL DORADO OILERS
03/28/2030
 
TOP OF THE 1ST
Nassau Rockets batting - Pitching for El Dorado Oilers : RHP Mark Anderson
Pitching: RHP Mark Anderson
Batting: SHB Edgardo Osorio 0-0: Ball
1-0: Ground out 5-3 (Groundball, 56)
Batting: LHB Andrew Alvarado 0-0: Foul Ball, location: 2F
0-1: Fly out, F8 (Flyball, 78D)
Batting: RHB Wallace Greene 0-0: SINGLE (Line Drive, 9S)
Batting: LHB Wilson Allen 0-0: Ball
1-0: Ball
2-0: Ball
3-0: DOUBLE (Flyball, 8LXD)
Wallace Greene to third
Runner from 3rd tries for Home, SAFE, no throw
Batting: LHB Juan Romero 0-0: Ball
1-0: Ball
2-0: Called Strike
2-1: Ball
3-1: Foul Ball, location: 2F
3-2: Foul Ball, location: 2F
3-2: Base on Balls
Batting: RHB Tommy Davenport 0-0: Ball
1-0: Swinging Strike
1-1: Foul Ball, location: 2F
1-2: Ball
2-2: Ground out U3 (Groundball, 34)
Top of the 1st over - 1 run, 2 hits, 0 errors, 2 left on base; Nassau 1 - El Dorado 0
BOTTOM OF THE 1ST
El Dorado Oilers batting - Pitching for Nassau Rockets : RHP Bob Holland
Pitching: RHP Bob Holland
Batting: RHB Tony Hernández 0-0: Swinging Strike
0-1: Foul Ball, location: 2F
0-2: Ground out 4-3 (Groundball, 4)
Batting: RHB José Carlos Caraballo 0-0: Ground out U3 (Groundball, 34)
Batting: LHB José Hernández 0-0: Called Strike
0-1: Ball
1-1: Ball
2-1: Fly out, F9 (Flyball, 9S)
Bottom of the 1st over - 0 runs, 0 hits, 0 errors, 0 left on base; Nassau 1 - El Dorado 0
TOP OF THE 2ND
Nassau Rockets batting - Pitching for El Dorado Oilers : RHP Mark Anderson
Batting: RHB Aaron Wilson 0-0: Called Strike
0-1: Foul Ball, location: 2F
0-2: Strikes out looking
Batting: RHB Jesús Villalobos 0-0: Fly out, F7 (Flyball, 7)
Batting: RHB Pepe González 0-0: Ball
1-0: Foul Ball, location: 2F
1-1: Foul Ball, location: 2F
1-2: Strikes out swinging
Top of the 2nd over - 0 runs, 0 hits, 0 errors, 0 left on base; Nassau 1 - El Dorado 0
BOTTOM OF THE 2ND
El Dorado Oilers batting - Pitching for Nassau Rockets : RHP Bob Holland
Batting: RHB Ernesto Acosta 0-0: Called Strike
0-1: Ball
1-1: Ball
2-1: Called Strike
2-2: Ground out 5-3 (Groundball, 5)
Batting: LHB Chris Miller 0-0: Ball
1-0: Foul Ball, location: 2F
1-1: Ball
2-1: Foul Ball, location: 2F
2-2: Ground out 1-3 (Groundball, 15S)
Batting: LHB Ashley Pickhills 0-0: Called Strike
0-1: Foul Ball, location: 2F
0-2: Ball
1-2: Ball
2-2: Ground out U3 (Groundball, 34)
Bottom of the 2nd over - 0 runs, 0 hits, 0 errors, 0 left on base; Nassau 1 - El Dorado 0
TOP OF THE 3RD
Nassau Rockets batting - Pitching for El Dorado Oilers : RHP Mark Anderson
Batting: SHB Edgardo Osorio 0-0: Called Strike
0-1: Foul Ball, location: 2F
0-2: Strikes out looking
Batting: LHB Andrew Alvarado 0-0: SINGLE (Line Drive, 8RS)
Batting: RHB Wallace Greene 0-0: SINGLE (Line Drive, 4M)
Andrew Alvarado to second
Runner from 2nd tries for 3rd, SAFE, no throw
Batting: LHB Wilson Allen 0-0: Called Strike
0-1: Ball
1-1: Ball
2-1: Called Strike
2-2: Fly out, F7 (Flyball, 78M)
Runner from 3rd tags up, SCORES, throw made
Batting: LHB Juan Romero 0-0: Ball
Wallace Greene steals 2nd base
1-0: SINGLE (Flyball, 9LS)
Wallace Greene to third
Runner from 3rd tries for Home, throw and OUT!
Top of the 3rd over - 1 run, 3 hits, 0 errors, 1 left on base; Nassau 2 - El Dorado 0
BOTTOM OF THE 3RD
El Dorado Oilers batting - Pitching for Nassau Rockets : RHP Bob Holland
Batting: RHB Nick Webb 0-0: Ball
1-0: Swinging Strike
1-1: Ball
2-1: Called Strike
2-2: Foul Ball, location: 2F
2-2: SINGLE (Groundball, 34D)
Batting: SHB Theron Harper 0-0: Called Strike
0-1: Ball
1-1: SINGLE (Line Drive, 6MD)
Nick Webb to second
Batting: RHB Vicente Carona 0-0: Ball
1-0: Ball
2-0: Ground out 3-1 (Groundball, 34S)
Nick Webb to third
Theron Harper to second
Batting: RHB Tony Hernández 0-0: Ball
1-0: Called Strike
1-1: Called Strike
1-2: SINGLE (Flyball, 9S)
Nick Webb scores
Theron Harper to third
Batting: RHB José Carlos Caraballo 0-0: Called Strike
0-1: Ball
1-1: SINGLE (Flyball, 9S)
Theron Harper scores
Tony Hernández to second
Runner from 2nd tries for 3rd, SAFE, no throw
Batting: LHB José Hernández 0-0: Called Strike
0-1: Ball
1-1: Ball
2-1: Called Strike
2-2: Ball
3-2: Foul Ball, location: 2F
3-2: Base on Balls
José Carlos Caraballo to second
Batting: RHB Ernesto Acosta 0-0: Called Strike
0-1: Ball
1-1: Ball
2-1: Grounds into double play, 6-4-3 (Groundball, 6)
Bottom of the 3rd over - 2 runs, 4 hits, 0 errors, 2 left on base; Nassau 2 - El Dorado 2
TOP OF THE 4TH
Nassau Rockets batting - Pitching for El Dorado Oilers : RHP Mark Anderson
Batting: RHB Tommy Davenport 0-0: Called Strike
0-1: Ball
1-1: Ball
2-1: Ground out 4-3 (Groundball, 4)
Batting: RHB Aaron Wilson 0-0: Called Strike
0-1: Ball
1-1: SINGLE (Groundball, 34D)
Batting: RHB Jesús Villalobos 0-0: Called Strike
0-1: Ball
1-1: Swinging Strike
1-2: Ball
2-2: Ball
3-2: Base on Balls
Aaron Wilson to second
Batting: RHB Pepe González 0-0: Ball
1-0: Ball
2-0: Ball
3-0: Foul Ball, location: 2F
3-1: Base on Balls
Aaron Wilson to third
Jesús Villalobos to second
Batting: SHB Edgardo Osorio 0-0: Ball
1-0: Foul Ball, location: 2F
1-1: Grounds into double play, 6-4-3 (Groundball, 6)
Top of the 4th over - 0 runs, 1 hit, 0 errors, 2 left on base; Nassau 2 - El Dorado 2
BOTTOM OF THE 4TH
El Dorado Oilers batting - Pitching for Nassau Rockets : RHP Bob Holland
Batting: LHB Chris Miller 0-0: Ball
1-0: Ball
2-0: Ball
3-0: Base on Balls
Batting: LHB Ashley Pickhills 0-0: Called Strike
0-1: SINGLE (Groundball, 6MD)
Chris Miller to second
Batting: RHB Nick Webb 0-0: Ball
1-0: Called Strike
1-1: Ball
2-1: Called Strike
2-2: Foul Ball, location: 2F
2-2: Ball
3-2: Foul Ball, location: 2F
3-2: Base on Balls
Chris Miller to third
Ashley Pickhills to second
Batting: SHB Theron Harper 0-0: Grounds into double play, 6-4-3 (Groundball, 6)
Chris Miller scores
Ashley Pickhills to third
Batting: RHB Vicente Carona 0-0: Called Strike
0-1: Foul Ball, location: 2F
0-2: Ball
1-2: Ball
2-2: Ball
3-2: Ground out 5-3 (Groundball, 56S)
Bottom of the 4th over - 1 run, 1 hit, 0 errors, 1 left on base; Nassau 2 - El Dorado 3
TOP OF THE 5TH
Nassau Rockets batting - Pitching for El Dorado Oilers : RHP Mark Anderson
Pitching: RHP Michael Young
Batting: LHB Andrew Alvarado 0-0: Fly out, F7 (Flyball, 7LD)
Batting: RHB Wallace Greene 0-0: Ball
1-0: SINGLE (Groundball, 34D)
Batting: LHB Wilson Allen 0-0: Ball
Wallace Greene is caught stealing 2nd base
1-0: SINGLE (Line Drive, 8LS)
Batting: LHB Juan Romero 0-0: Fielders Choice at 2nd, 5-4 (Groundball, 5)
Top of the 5th over - 0 runs, 2 hits, 0 errors, 1 left on base; Nassau 2 - El Dorado 3
BOTTOM OF THE 5TH
El Dorado Oilers batting - Pitching for Nassau Rockets : RHP Bob Holland
Pitching: RHP Guan-cai Yong
Batting: RHB Tony Hernández 0-0: Ball
1-0: Ball
2-0: Foul Ball, location: 2F
2-1: Ball
3-1: Base on Balls
Batting: RHB José Carlos Caraballo 0-0: Called Strike
0-1: Called Strike
0-2: Fielders Choice at 2nd, 4-6 (Groundball, 4)
Batting: LHB José Hernández 0-0: Ball
José Carlos Caraballo is caught stealing 2nd base
1-0: Swinging Strike
1-1: Ball
2-1: Foul Ball, location: 2F
2-2: Fly out, F8 (Line Drive, 8RD)
Bottom of the 5th over - 0 runs, 0 hits, 0 errors, 0 left on base; Nassau 2 - El Dorado 3
TOP OF THE 6TH
Nassau Rockets batting - Pitching for El Dorado Oilers : RHP Michael Young
Batting: RHB Tommy Davenport 0-0: Called Strike
0-1: Ball
1-1: Ball
2-1: DOUBLE (Flyball, 8RXD)
Batting: RHB Aaron Wilson 0-0: Ball
1-0: Called Strike
1-1: Ball
2-1: Ball
3-1: Foul Ball, location: 2F
3-2: Base on Balls
Batting: RHB Jesús Villalobos 0-0: Ball
1-0: Foul Ball, location: 2F
1-1: Called Strike
1-2: Foul Ball, location: 2F
1-2: Strikes out swinging
Batting: RHB Pepe González 0-0: Fly out, F4 (Line Drive, 4)
Lined into DP, 4-6 (Line Drive, 4)
Top of the 6th over - 0 runs, 1 hit, 0 errors, 1 left on base; Nassau 2 - El Dorado 3
BOTTOM OF THE 6TH
El Dorado Oilers batting - Pitching for Nassau Rockets : RHP Guan-cai Yong
Batting: RHB Ernesto Acosta 0-0: Called Strike
0-1: Ball
1-1: Ball
2-1: Foul Ball, location: 2F
2-2: Ball
3-2: Base on Balls
Batting: LHB Chris Miller 0-0: Foul Ball, location: 2F
0-1: Fielders Choice at 2nd, 6-4 (Groundball, 6D)
Batting: LHB Ashley Pickhills 0-0: Ball
1-0: Ball
2-0: Ball
3-0: Base on Balls
Chris Miller to second
Batting: RHB Nick Webb 0-0: Ball
1-0: Ball
2-0: Fly out, F3 (Line Drive, 34)
Lined into DP, U3 (Line Drive, 34)
Bottom of the 6th over - 0 runs, 0 hits, 0 errors, 1 left on base; Nassau 2 - El Dorado 3
TOP OF THE 7TH
Nassau Rockets batting - Pitching for El Dorado Oilers : RHP Michael Young
Pinch Hitting: LHB Dusty Wilson 0-0: Ball
1-0: Ball
2-0: Called Strike
2-1: Ball
3-1: Base on Balls
Pinch Hitting: RHB Salvador Borbón 0-0: DOUBLE (Flyball, 78XD)
Dusty Wilson to third
Batting: RHB Wallace Greene 0-0: Ball
1-0: Ball
2-0: Ball
3-0: Base on Balls
Pinch Hitting: RHB Alejandro Ramírez 0-0: Fly out, F7 (Flyball, 7)
Runner from 3rd tags up, SCORES, throw made
Batting: LHB Juan Romero 0-0: Swinging Strike
0-1: Ball
1-1: Ball
2-1: Foul Ball, location: 2F
2-2: Ball
3-2: Foul Ball, location: 2F
3-2: Base on Balls
Salvador Borbón to third
Wallace Greene to second
Pinch Hitting: RHB Kenji Kudo 0-0: Ball
1-0: Ball
2-0: Ball
3-0: Called Strike
3-1: Foul Ball, location: 2F
3-2: Fly out, F8 (Flyball, 8RM)
Batting: RHB Aaron Wilson 0-0: Foul Ball, location: 2F
0-1: Ball
1-1: Ball
2-1: Called Strike
2-2: Ball
3-2: Base on Balls
Salvador Borbón scores
Wallace Greene to third
Juan Romero to second
Batting: RHB Jesús Villalobos 0-0: SINGLE (Line Drive, 89M)
Wallace Greene scores
Juan Romero to third
Aaron Wilson to second
Runner from 3rd tries for Home, SAFE, no throw
Pitching: RHP Félix Andrade
Batting: RHB Pepe González 0-0: Ball
1-0: Swinging Strike
1-1: Called Strike
1-2: Ball
2-2: Ball
3-2: Fly out, F9 (Flyball, 9LSF)
Top of the 7th over - 4 runs, 2 hits, 0 errors, 2 left on base; Nassau 6 - El Dorado 3
BOTTOM OF THE 7TH
El Dorado Oilers batting - Pitching for Nassau Rockets : RHP Guan-cai Yong
Now at 1B: Salvador Borbón
Now in LF: Dusty Wilson
Now in CF: Alejandro Ramírez
Now in RF: Kenji Kudo
Batting: SHB Theron Harper 0-0: Ball
1-0: Ball
2-0: Ball
3-0: Base on Balls
Batting: RHB Vicente Carona 0-0: Ground out 4-3 (Groundball, 34)
Theron Harper to second
Pinch Hitting: LHB Robinson López 0-0: Ball
Theron Harper steals 3rd base
1-0: Ground out 5-3 (Groundball, 56)
Theron Harper scores
Batting: RHB José Carlos Caraballo 0-0: Ball
1-0: Called Strike
1-1: Called Strike
1-2: Ball
2-2: Strikes out looking
Bottom of the 7th over - 1 run, 0 hits, 0 errors, 0 left on base; Nassau 6 - El Dorado 4
TOP OF THE 8TH
Nassau Rockets batting - Pitching for El Dorado Oilers : RHP Félix Andrade
Now at 3B: Orlando Aguilar
Batting: LHB Dusty Wilson 0-0: Fly out, F8 (Flyball, 8RD)
Batting: RHB Salvador Borbón 0-0: Ball
1-0: Foul Ball, location: 2F
1-1: Called Strike
1-2: Strikes out looking
Batting: RHB Wallace Greene 0-0: Called Strike
0-1: Hit by Pitch
Batting: RHB Alejandro Ramírez 0-0: Fly out, F6 (Line Drive, 56)
Top of the 8th over - 0 runs, 0 hits, 0 errors, 1 left on base; Nassau 6 - El Dorado 4
BOTTOM OF THE 8TH
El Dorado Oilers batting - Pitching for Nassau Rockets : RHP Guan-cai Yong
Pitching: LHP Joaquín Gonzáles
Batting: RHB Sixto Vélez 0-0: Ball
1-0: Ball
2-0: SINGLE (Groundball, 6MD)
Pitching: RHP Brad Sharpe
Pinch Hitting: LHB Al Gaines 0-0: SINGLE (Line Drive, 89S)
Sixto Vélez to second
Pitching: LHP Dennis Taylor
Pinch Hitting: RHB Chris Parker 0-0: Called Strike
0-1: Foul Ball, location: 2F
0-2: Foul Ball, location: 2F
0-2: Ball
1-2: Ball
2-2: Strikes out swinging
Batting: LHB Ashley Pickhills 0-0: Called Strike
0-1: Ball
1-1: Foul Ball, location: 2F
1-2: Ball
2-2: Fly out, F6 (Line Drive, 6)
Pitching: RHP David Contreras
Pinch Hitting: LHB José Rivera 0-0: Foul Ball, location: 2F
0-1: Foul Ball, location: 2F
0-2: Ball
1-2: Ball
2-2: Strikes out looking
Bottom of the 8th over - 0 runs, 2 hits, 0 errors, 2 left on base; Nassau 6 - El Dorado 4
TOP OF THE 9TH
Nassau Rockets batting - Pitching for El Dorado Oilers : RHP Félix Andrade
Now at 1B: José Rivera
Now at SS: Chris Parker
Now in RF: Al Gaines
Batting: LHB Juan Romero 0-0: Fly out, F8 (Line Drive, 8LM)
Batting: RHB Kenji Kudo 0-0: Ball
1-0: Fly out, F5 (Line Drive, 5)
Batting: RHB Aaron Wilson 0-0: Ball
1-0: Ball
2-0: Ball
3-0: Called Strike
3-1: Base on Balls
Batting: RHB Jesús Villalobos 0-0: Foul Ball, location: 2F
0-1: SINGLE (Flyball, 9LS)
Aaron Wilson to second
Runner from 2nd tries for 3rd, SAFE, throw made to third
Batting: RHB Dexter Potter 0-0: Foul Ball, location: 2F
0-1: Called Strike
0-2: Strikes out swinging
Top of the 9th over - 0 runs, 1 hit, 0 errors, 2 left on base; Nassau 6 - El Dorado 4
BOTTOM OF THE 9TH
El Dorado Oilers batting - Pitching for Nassau Rockets : RHP David Contreras
Pinch Hitting: LHB Mathew Clayton 0-0: Ball
1-0: Foul Ball, location: 2F
1-1: Ball
2-1: Foul Ball, location: 2F
2-2: Ball
3-2: Strikes out swinging
Batting: RHB Vicente Carona 0-0: Ball
1-0: Ground out 6-3 (Groundball, 6)
Batting: SHB Orlando Aguilar 0-0: Ball
1-0: Called Strike
1-1: Called Strike
1-2: Ground out 4-3 (Groundball, 4)
Bottom of the 9th over - 0 runs, 0 hits, 0 errors, 0 left on base; Nassau 6 - El Dorado 4
Saturday, April 7th, 2018 - OOTP Baseball 18.8 Build 76